 Dungeon Crawl Stone Soup version 0.31-a0-246-g8cbcc1cb85 (webtiles) character file.

Game seed: 32695004894854068

3172 gruber the Grappler (level 9, 0/68 HPs)
             Began as a Demonspawn Shapeshifter on July 12, 2023.
             Engulfed by a cloud of steam (2 damage)
             ... on level 7 of the Dungeon.
             The game lasted 00:10:26 (6971 turns).

gruber the Grappler (Demonspawn Shapeshifter)       Turns: 6971, Time: 00:10:26

Health: 0/68       AC:  6    Str: 20    XL:     9   Next: 63%
Magic:  9/9        EV: 23    Int:  9    God:
Gold:   562        SH:  6    Dex: 14    Spells: 8/8 levels left

rFire   . .          .
                       - Unarmed
rCold   . . .        (no shield)
rNeg    . . .        F - +0 acid dragon scales
rPois   .            (helmet currently unavailable)
rElec   .            (cloak currently unavailable)
rCorr   +            (gloves currently unavailable)
SInv    .            (boots currently unavailable)
Will    .....        w - amulet of the acrobat
Stlth   +            e - ring of flight
HPRegen 0.31/turn    j - +5 ring of evasion
MPRegen 0.11/turn

%: acrobat
@: agile, beast-form, flying
A: beast (slay +3), hooves 1, large bone plates 2, powered by pain 1
a: no special abilities


You were on level 7 of the Dungeon.
You were a hulking beast.
You visited 2 branches of the dungeon, and saw 8 of its levels.
You also visited: Ossuary.

You collected 562 gold pieces.

Inventory:

Hand Weapons
 g - the +3 long sword of Cowardice {heavy, rC+ Will++}
   (You found it on level 7 of the Dungeon)

   rC:        It protects you from cold.
   Will:      It greatly increases your willpower.
 z - a +3 flail
Missiles
 q - 13 poisoned darts (quivered)
 y - a throwing net
Armour
 F - +0 acid dragon scales (worn)
Jewellery
 e - a ring of flight (left hand)
 j - a +5 ring of evasion (right hand)
 w - an amulet of the acrobat (around neck)
Talismans
 c - a beast talisman
Wands
 a - a wand of flame (8)
 v - a wand of charming (19)
Scrolls
 d - a scroll of fog {unknown}
 f - 2 scrolls of blinking {unknown}
 h - 6 scrolls of identify {unknown}
 i - 3 scrolls of fear {unknown}
 k - 2 scrolls of teleportation {unknown}
 l - a scroll of immolation {unknown}
 m - 2 scrolls of enchant armour {unknown}
 p - 2 scrolls of noise {unknown}
 x - 2 scrolls of enchant weapon {unknown}
 E - a scroll of poison {unknown}
Potions
 b - 4 potions of curing {unknown}
 n - 4 potions of heal wounds {unknown}
 o - a potion of attraction {unknown}
 r - 2 potions of cancellation {unknown}
 s - a potion of might {unknown}
 t - a potion of magic {unknown}
 u - 2 potions of degeneration {unknown}
 A - a potion of ambrosia {unknown}
 B - a potion of mutation {unknown}
 C - 4 potions of berserk rage {unknown}
 D - a potion of invisibility {unknown}


   Skills:
 - Level 5.2 Fighting
 - Level 5.0 Dodging
 * Level 9.5 Unarmed Combat
 - Level 5.0 Shapeshifting


You had 8 spell levels left.
You didn't know any spells.
Your spell library contained the following spells:

 Spells                   Type           Power      Damage    Failure   Level
 Vhi's Electric Charge    Tloc/Air       0%         N/A       85%         3
 Animate Armour           Summ/Erth      0%         N/A       99%         4
 Summon Lightning Spire   Summ/Air       0%         N/A       99%         4
 Arcjolt                  Conj/Air       0%         1d10      100%        5
 Lee's Rapid Deconstruct  Erth           0%         3d4*      100%        5
 Maxwell's Capacitive Co  Air            0%         ∞         100%        8


Dungeon Overview and Level Annotations

Branches:
Dungeon (7/15)             Temple (1/1) D:5         Ossuary (visited)

Altars:
Ashenzari
Cheibriados
Dithmenos
Fedhas
Gozag
Hepliaklqana
Kikubaaqudgha
Makhleb
Nemelex Xobeh
Okawaru
Qazlal
Sif Muna
Trog
Uskayaw
Vehumet
Wu Jian
Xom
Yredelemnul

Shops:
D:1 [   D:5 (

Annotations:
D:4 exclusion: statue
D:5 2 transporters, bmj180's ghost, novice MiFi


Innate Abilities, Weirdness & Mutations

You are a hulking beast.
Your limbs bulge with bestial killing power. (Slay +3)
You have large cloven feet.
You are mostly covered in large bone plates. (SH +6)
You sometimes gain a little power by taking damage.


Message History

The steam dragon hisses angrily.
A steam dragon is nearby!
Found an iron altar of Okawaru.
Found a hazy altar of Hepliaklqana.
The steam dragon misses you. You block the steam dragon's attack.
You hit the steam dragon.
The steam dragon is lightly wounded.
The steam dragon breathes steam at you. The ball of steam hits you!
You punch the steam dragon!
The steam dragon is heavily wounded.
You are engulfed in a cloud of scalding steam.
The steam dragon breathes steam at you. The ball of steam hits you!
You are too injured to fight recklessly!
You are too injured to fight recklessly!
You are too injured to fight recklessly!
You are too injured to fight recklessly!
You hit the steam dragon.
You kick the steam dragon, but do no damage.
The steam dragon is severely wounded.
You are engulfed in a cloud of scalding steam.
The steam dragon breathes steam at you. The ball of steam hits you!!
* * * LOW HITPOINT WARNING * * *
You focus on the pain.
You feel agile all of a sudden.
You hit the steam dragon.
You kick the steam dragon, but do no damage.
The steam dragon is severely wounded.
You are engulfed in a cloud of scalding steam.
* * * LOW HITPOINT WARNING * * *
The steam dragon breathes steam at you. The ball of steam misses you.
Unknown command.
Okay, then.
You punch the steam dragon!
You kill the steam dragon!
You are engulfed in a cloud of scalding steam.
You die...

#........## ##.)###[###
#... #.# ....# #.# #
#######.# #.## #
#.#8#.###.#####..##
..#)#.#.#.8.........#.##
..........§.#.####.###(#
.......h§§§.#.# #.# ##.
_.#.#.#.#.8##.# ##.###..
# #_#.###.# #..#.##
##### #.# #...## #.#
#...### #.# #...... #.#
#...### #.####......
#....>...###


There were no monsters in sight!

Vanquished Creatures
  Maggie (D:7)
  A steam dragon (D:7)
  A water moccasin (D:7)
  2 orc warriors (D:7)
  2 black bears
  A hornet zombie (D:6)
  5 ogres
  3 centaurs
  A phantom (D:4)
  A bullfrog (D:6)
  A necrophage (D:6)
  3 scorpions
  4 wights
  2 centaur zombies (D:6)
  3 orc priests
  3 bullfrog zombies (D:6)
  3 hounds
  A human zombie (D:6)
  5 jellies
  Crazy Yiuf (D:6)
  2 sleepcaps
  4 orc wizards
  A killer bee zombie (D:6)
  11 mummies
  3 gnolls (D:6)
  10 adders
  2 shadow imps
  An ufetubus (D:6)
  4 worms
  3 dart slugs
  21 orcs
  7 ball pythons
  5 bats
  6 endoplasms
  4 giant cockroaches
  8 goblins
  9 hobgoblins
  2 jackals
  6 kobolds
  3 quokkas
  2 frilled lizards (D:1)
  A goblin zombie (D:7)
  2 hobgoblin zombies (Ossuary)
  2 kobold zombies (Ossuary)
  4 orc zombies (Ossuary)
  A quokka zombie (D:7)
  6 rats
174 creatures vanquished.

Notes
Turn   | Place    | Note
-------+----------+-------------------------------------------
     0 | D:1      | gruber the Demonspawn Shapeshifter began the quest for the
                  | Orb.
     0 | D:1      | Reached XP level 1. HP: 16/16 MP: 1/1
   185 | D:1      | Gained mutation: You are partially covered in large bone
                  | plates. (SH +4) [demonic ancestry]
   185 | D:1      | Reached XP level 2. HP: 23/23 MP: 2/2
   502 | D:1      | Found Ucyasam's Armour Shoppe.
   798 | D:1      | Gained mutation: You are mostly covered in large bone
                  | plates. (SH +6) [demonic ancestry]
   798 | D:1      | Reached XP level 3. HP: 18/29 MP: 3/3
  1109 | D:2      | Reached XP level 4. HP: 38/38 MP: 4/4
  1773 | D:3      | Found a stormy altar of Qazlal.
  1938 | D:3      | Found a burning altar of Makhleb.
  2009 | D:4      | Reached skill level 5 in Fighting
  2133 | D:4      | Gained mutation: You have large cloven feet. [demonic
                  | ancestry]
  2133 | D:4      | Reached XP level 5. HP: 39/44 MP: 5/5
  2246 | D:4      | Noticed a phantom
  2257 | D:4      | Killed a phantom
  2265 | D:4      | Reached XP level 6. HP: 33/51 MP: 6/6
  2541 | D:4      | Found a radiant altar of Vehumet.
  2781 | D:5      | Entered Level 5 of the Dungeon
  2901 | D:5      | Found a transporter.
  2901 | D:5      | Noticed bmj180's ghost (novice MiFi)
  2905 | D:5      | Found a staircase to the Ecumenical Temple.
  2914 | Temple   | Entered the Ecumenical Temple
  3203 | D:5      | Found a broken altar of Ashenzari.
  3221 | D:5      | Found a transporter.
  3228 | D:5      | Reached skill level 5 in Shapeshifting
  3228 | D:5      | Reached XP level 7. HP: 50/56 MP: 7/7
  3507 | D:5      | Found Costopn's Weapon Shop.
  4068 | D:6      | Reached skill level 5 in Dodging
  4211 | D:6      | Reached skill level 2 in Unarmed Combat
  4211 | D:6      | Gained mutation: You sometimes gain a little power by
                  | taking damage. [demonic ancestry]
  4211 | D:6      | Reached XP level 8. HP: 60/62 MP: 8/8
  4384 | D:6      | Reached skill level 3 in Unarmed Combat
  4454 | D:6      | Reached skill level 4 in Unarmed Combat
  4789 | D:6      | Reached skill level 5 in Unarmed Combat
  5009 | D:6      | Found a hide-covered altar of Uskayaw.
  5293 | D:6      | Reached skill level 6 in Unarmed Combat
  5550 | D:6      | Found a basalt altar of Yredelemnul.
  5573 | D:6      | Reached XP level 9. HP: 58/68 MP: 9/9
  5612 | D:6      | Reached skill level 7 in Unarmed Combat
  5728 | D:6      | Found a runed translucent door.
  5729 | D:6      | Noticed Crazy Yiuf
  5832 | D:6      | Killed Crazy Yiuf
  5954 | D:7      | Found a sand-covered staircase.
  5961 | D:7      | Identified the +3 long sword of Cowardice {heavy, rC+
                  | Will++}
  5979 | Ossuary  | Entered an ossuary
  6399 | D:7      | Reached skill level 8 in Unarmed Combat
  6407 | D:7      | Found a shimmering blue altar of Sif Muna.
  6729 | D:7      | Noticed Maggie
  6742 | D:7      | Killed Maggie
  6743 | D:7      | Reached skill level 9 in Unarmed Combat
  6965 | D:7      | Found an iron altar of Okawaru.
  6966 | D:7      | Found a hazy altar of Hepliaklqana.
  6970 | D:7      | HP: 1/68 [steam dragon] (7)]
  6971 | D:7      | Engulfed by a cloud of steam

Illustrated notes

Levels and vault maps discovered:
D:1:      dpeg_arrival_court, layout_basic, serial_shops, shop
D:2:      layout_rooms, minivault_26
D:3:      layout_rooms, demons_altar, nicolae_qazlal_scattered_showers
D:4:      layout_rooms, vehumet_statue, st_stairs_8, mrwooster_statue_mirror
D:5:      cheibrodos_iron_armory, layout_basic, nicolae_ashenzari_skybound,
          minmay_temple_entry_glass, gammafunk_ghost_stat_death, serial_shops,
          nicolae_shop_waterfront
D:6:      layout_cave_pools, mainiacjoe_overflow_boulevard,
          lemuel_mausoleum_altar_yredelemnul, uniq_crazy_yiuf_cottage
D:7:      layout_loops_ring, kennysheep_orc_sif_temple, minitemple,
          enter_ossuary_4, uniq_joseph, uniq_maggie
Temple:   minmay_temple_bridge_abc

Skill      XL: |  1  2  3  4  5  6  7  8  9 |
---------------+----------------------------+-----
Fighting       | 3 4 5 |  5.2
Shapeshifting  | 3 5 |  5.0
Dodging        | 5 |  5.0
Unarmed Combat | 2 6 9 |  9.5

Action                     |  1- 3 |  4- 6 |  7- 9 || total
---------------------------+-------+-------+-------++-------
  Melee: Unarmed           |    42 |     9 |    92 ||   143
         Dagger            |    56 |   156 |   231 ||   443
         Punch             |       |     3 |    16 ||    19
         Kick              |       |    23 |   122 ||   145
         Flail             |       |       |     9 ||     9
  Throw: Dart              |       |     4 |     8 ||    12
    Use: Potion            |       |     1 |       ||     1
   Stab: Sleeping          |     2 |       |     1 ||     3
         Distracted        |       |       |     1 ||     1
 Armour: Animal skin       |    15 |    14 |    15 ||    44
         Skin              |       |     3 |       ||     3
  Dodge: Dodged            |    44 |    79 |   200 ||   323
  Block: Other             |    10 |    32 |    73 ||   115

Table legend: (Time is in decaauts)
 A = Elapsed time spent in this place.
 B = Non-inter-level travel time spent in this place.
 C = Inter-level travel time spent in this place.
 D = Time resting spent in this place.
 E = Time spent auto-exploring this place.
 F = Levels seen in this place.
 G = Mean time per level.
                   A        B        C        D        E       F      G
               +--------+--------+--------+--------+--------+-----+--------+
         Total |   6954 |   6734 |    220 |    297 |   5030 |   9 |  772.7 |
       Dungeon |   6448 |   6246 |    202 |    297 |   4673 |   7 |  921.1 |
        Temple |    156 |    139 |     17 |      0 |    134 |   1 |  156.0 |
       Ossuary |    349 |    349 |      0 |      0 |    223 |   1 |  349.0 |
               +--------+--------+--------+--------+--------+-----+--------+

Top non-repeatable levels by time:
     D:6: 1879 daAuts
     D:5: 1104 daAuts
     D:1: 815 daAuts
     D:4: 784 daAuts
     D:7: 688 daAuts
     D:3: 614 daAuts
     D:2: 560 daAuts
 Ossuary: 349 daAuts
  Temple: 156 daAuts
